Description

Build typically used vs bio builds in ZvT. Look for signs of bio (engineering bays/lots of barracks) and throw down a baneling nest and soon some evo chambers.

Replay - HeroMarine v Serral: Game 1 - Automaton LE

Build Order

Get SALT Encoding   

  12  0:00  Drone  
  13  0:12  Overlord  
  13  0:18  Drone  
  14  0:30  Drone x2  
  16  0:48  Hatchery  
  15  0:52  Drone x2  
  17  0:59  Drone  
  18  1:10  Extractor  
  17  1:15  Spawning Pool  
  17  1:18  Drone x2  
  18  1:28  Drone  
  20  1:48  Overlord  
  20  2:01  Queen x2  
  20  2:02  Zergling x4  
  26  2:13  Metabolic Boost  
  30  2:34  Overlord  
  31  2:37  Queen  
  36  3:02  Hatchery  
  38  3:15  Queen  
  38  3:17  Overlord  
  38  3:19  Zergling x2  
  44  3:29  Overlord  
  44  3:37  Lair  
  44  3:39  Zergling x2  
  46  3:45  Zergling x2  
  49  3:54  Queen  
  54  4:00  Zergling x2  
  54  4:01  Baneling Nest  
  55  4:12  Zergling x2  
  59  4:18  Spore Crawler  
  59  4:21  Queen  
  59  4:23  Zergling x4  
  61  4:29  Zergling x2  
  64  4:36  Overseer  
  65  4:44  Extractor x2  
  77  5:12  Extractor  
  80  5:22  Centrifical Hooks  
  80  5:25  Extractor x2  
  86  5:37  Evolution Chamber x2  
  86  5:39  Overseer  
  90  5:56  Hatchery  
  89  6:00  Baneling x6  
  90  6:07  Spore Crawler x2  
  92  6:17  Zerg Missile Weapons Level 1  
  97  6:18  Zerg Melee Weapons Level 1  
  97  6:25  Hydralisk Den, Extractor  
  101  6:35  Spore Crawler  
  103  6:43  Infestation Pit  
  106  6:58  Extractor  
  104  7:04  Spore Crawler  
  104  7:05  Extractor, Baneling x4  
  104  7:06  Pneumatized Carapace, Grooved Spines  
  104  7:08  Queen  
  108  7:20  Hive, Hydralisk x2  
  108  7:21  Overseer  
  110  7:29  Hydralisk x3  
  125  7:48  Hatchery  
  124  7:51  Overseer  
  124  7:52  Hydralisk  
  124  7:58  Hydralisk x3  
  126  8:04  Hydralisk  
  138  8:13  Zerg Missile Weapons Level 2  
  138  8:14  Spine Crawler  
  138  8:18  Muscular Augments  
  145  8:31  Extractor  
  145  8:32  Spore Crawler, Viper x5  
  155  8:46  Spine Crawler  
  165  9:04  Viper x3  
  165  9:05  Evolution Chamber x3  
  184  9:25  Spire  
  184  9:27  Viper  
  180  9:42  Viper  
  180  9:45  Hatchery  
  190  9:53  Zerg Ground Armor Level 1  
Spawning Tool Build Advisor. Get it on Overwolf

Go to:

Details

  • Created by: peteydidit     
  • Published on: May 28, 2019
  • Modified on: May 28, 2019
  • Patch: 4.7.1
Show
View Real Time Build Order
Export as new Build Order

Comments (0)

There are no comments. Be the first!

Create an account to comment!